 Dungeon Crawl Stone Soup version 0.32-a0-928-g1cae6b7ea0 (webtiles) character file.

Game seed: 13723333122594084116

182 Jano the Shooter (level 5, -5/38 HPs)
             Began as a Coglin Hunter on Apr 12, 2024.
             Slain by a wyvern (18 damage)
             ... on level 4 of the Dungeon.
             The game lasted 00:05:22 (2316 turns).

Jano the Shooter (Coglin Hunter)                    Turns: 2316, Time: 00:05:22

Health: -5/38      AC:  4    Str: 12    XL:     5   Next: 62%
Magic:  5/5        EV: 11    Int:  8    God:
Gold:   151        SH:  0    Dex: 19    Spells: 4/4 levels left

rFire   . . .        a - +2 sling {Chisato}
rCold   . . .        d - +0 sling {Suchat}
rNeg    . . .        c - +0 leather armour
rPois   .            l - +0 helmet
rElec   .            (no cloak)
rCorr   .            (no gloves)
SInv    .            (no boots)
Will    .....        (amulet unavailable)
Stlth   ++           (ring unavailable)
HPRegen 0.26/turn    (ring unavailable)
MPRegen 0.09/turn    (no gizmo)

%: no passive effects
@: revved
A: off-hand wielding, slow wielding, warmup strikes, no jewellery
a: Invent Gizmo


You were on level 4 of the Dungeon.
You visited 1 branch of the dungeon, and saw 4 of its levels.

You collected 151 gold pieces.

Inventory:

Hand Weapons
 a - a +2 sling (weapon) {Chisato}
 d - a +0 sling (offhand) {Suchat}
Armour
 c - a +0 leather armour (worn)
 l - a +0 helmet (worn)
Wands
 m - a wand of charming (9)
Scrolls
 b - a scroll of butterflies
 f - a scroll of vulnerability {unknown}
 h - 2 scrolls of teleportation
 j - a scroll of blinking
Potions
 e - a potion of curing {unknown}
 g - a potion of enlightenment
 i - a potion of ambrosia
 k - a potion of berserk rage {unknown}


   Skills:
 - Level 2.0 Fighting
 + Level 6.1 Ranged Weapons
 - Level 1.7 Dodging
 - Level 0.7 Stealth


You had 4 spell levels left.
You didn't know any spells.
Your spell library contained the following spells:

 Spells                   Type           Power      Damage    Failure   Level
 Freeze                   Ice            0%         1d3       50%         1
 Frozen Ramparts          Ice            0%         1d1       86%         3
 Hailstorm                Conj/Ice       0%         3d5       86%         3


Dungeon Overview and Level Annotations

Branches:
Dungeon (4/15)
 Temple: D:4-7

Altars:


Innate Abilities, Weirdness & Mutations

You can wield a second weapon in your off-hand.
It takes a long time for you to wield or remove held weapons.
Your first few attacks do less damage.
You cannot equip rings or amulets.


Message History

There is an open door here.
A wyvern comes into view.
You shoot a sling bullet. The sling bullet hits the wyvern.
The wyvern hisses angrily.
The wyvern is lightly wounded.
You shoot a sling bullet.
The sling bullet hits the wyvern but does no damage.
The wyvern is lightly wounded.
The wyvern bites you!
You shoot a sling bullet. The sling bullet hits the wyvern.
The wyvern is lightly wounded.
You shoot a sling bullet.
The sling bullet barely misses the wyvern.
The wyvern completely misses you.
Unknown command.
You shoot a sling bullet. The sling bullet hits the wyvern.
The wyvern is moderately wounded.
You shoot a sling bullet. The sling bullet hits the wyvern.
The wyvern is moderately wounded.
The wyvern bites you but does no damage.
The wyvern bites you.
Unknown command.
You shoot a sling bullet.
The sling bullet hits the wyvern but does no damage.
The wyvern is moderately wounded.
You shoot a sling bullet.
The sling bullet closely misses the wyvern.
The wyvern bites you! The wyvern closely misses you.
You shoot a sling bullet. The sling bullet hits the wyvern.
The wyvern is moderately wounded.
You shoot a sling bullet.
The sling bullet closely misses the wyvern.
The wyvern closely misses you.
Unknown command.
You shoot a sling bullet. The sling bullet hits the wyvern.
The wyvern is heavily wounded.
You shoot a sling bullet. The sling bullet hits the wyvern.
The wyvern is heavily wounded.
The wyvern bites you!!
You die...

#.# #. #.#
#.#####.#
.......#####
#.........#
#.........#
#.#.#.....k...#
.........@#
#.#.#####.##
#.#.# #..# #.#.#
#..# #.#.# #..#
#.#.### #..# #
#.....# #.####...
#.#.#.###.....#..
#.#.............#


You could see a wyvern.

Vanquished Creatures
  A gnoll bouda (D:3)
  Jessica (D:2)
  Robin (D:3)
  3 gnolls (D:3)
  2 adders
  A ribbon worm (D:3)
  2 dart slugs
  3 orcs (D:3)
  5 bats
  An endoplasm (D:1)
  3 giant cockroaches
  13 goblins
  6 hobgoblins
  7 ball pythons
  A frilled lizard (D:1)
  6 kobolds
  8 rats
64 creatures vanquished.

Notes
Turn   | Place    | Note
-------+----------+-------------------------------------------
     0 | D:1      | Jano the Coglin Hunter began the quest for the Orb.
     0 | D:1      | Reached XP level 1. HP: 16/16 MP: 1/1
   150 | D:1      | Found a faded altar of an unknown god.
   204 | D:1      | Reached skill level 4 in Ranged Weapons
   204 | D:1      | Reached XP level 2. HP: 22/22 MP: 2/2
   797 | D:2      | Reached XP level 3. HP: 27/27 MP: 3/3
   896 | D:2      | Noticed Jessica
   908 | D:2      | Killed Jessica
   994 | D:2      | Reached skill level 5 in Ranged Weapons
  1050 | D:2      | Reached XP level 4. HP: 33/33 MP: 4/4
  1669 | D:3      | Reached XP level 5. HP: 38/38 MP: 5/5
  1912 | D:3      | Noticed Robin
  1919 | D:3      | Killed Robin
  1920 | D:3      | Reached skill level 6 in Ranged Weapons
  2310 | D:4      | Noticed a wyvern
  2316 | D:4      | Slain by a wyvern

Illustrated notes

Levels and vault maps discovered:
D:1:      lightli_arrival_boilingwater, layout_basic,
          hellmonk_ecumenical_altar_pennies_from_heaven
D:2:      layout_loops_ring, serial_bayou, serial_bayou_ford_a,
          serial_bayou_lake_a, serial_bayou_shore_b, serial_bayou_lagoon_b,
          kennysheep_decorative_pillar, uniq_jessica
D:3:      layout_loops_ring, uniq_robin
D:4:      layout_basic, nicolae_qazlal_scattered_showers,
          kennysheep_generic_room_14

Skill      XL: |  1  2  3  4  5 |
---------------+----------------+-----
Ranged Weapons | 4 5 6 |  6.1
Fighting       | |  2.0
Dodging        | |  1.7
Stealth        | |  0.7

Action                     |  1- 3 |  4- 6 || total
---------------------------+-------+-------++-------
   Fire: Sling             |   124 |   188 ||   312
    Use: Scroll            |       |     5 ||     5
 Armour: Leather armour    |     5 |    21 ||    26
  Dodge: Dodged            |     8 |    10 ||    18

Table legend: (Time is in decaauts)
 A = Elapsed time spent in this place.
 B = Non-inter-level travel time spent in this place.
 C = Inter-level travel time spent in this place.
 D = Time resting spent in this place.
 E = Time spent auto-exploring this place.
 F = Levels seen in this place.
 G = Mean time per level.
                   A        B        C        D        E       F      G
               +--------+--------+--------+--------+--------+-----+--------+
         Total |   2408 |   2311 |     97 |      0 |   1947 |   4 |  602.0 |
       Dungeon |   2408 |   2311 |     97 |      0 |   1947 |   4 |  602.0 |
               +--------+--------+--------+--------+--------+-----+--------+

Top non-repeatable levels by time:
     D:2: 840 daAuts
     D:1: 789 daAuts
     D:3: 725 daAuts
     D:4: 52 daAuts
